Match 19943256
Unlisted

Match 19943256
End
Construct Barracks
Engineer Squad
1⁄4-ton 4x4 Truck
Selects Armored Battlegroup
Selects Veteran Crews
M1 Mortar Team
Riflemen Squad
Air Support Center
Riflemen Squad
M1918 Browning Automatic Rifles
Grenade Package
Construct Medical Station
Air Supply
Selects Strength in Steel
Selects M8 Scott SPG
Construct Weapon Support Center
Construct Motor Pool
M1 Anti-tank Gun Team
Boatshoe
TheEvilMoose
Ugarzo
Insurmountable Odds
The MidgetCrusader69
Boon: Kiwi
!BlackSteel
MarkEsVonHinten
0
0

Comments sign in to comment!

No comments posted yet!